 Dungeon Crawl Stone Soup version 0.18.1-8-gdd0e5ea (webtiles) character file.

14232 Marenglen the Grappler (level 11, 0/89 HPs)
             Began as a Troll Arcane Marksman on May 25, 2016.
             Was an Elder of Yredelemnul.
             Succumbed to a spiny frog's poison
             ... on level 2 of the Lair of Beasts.
             The game lasted 00:42:38 (12507 turns).

Marenglen the Grappler (Troll Arcane Marksman)     Turns: 12507, Time: 00:42:39

Health: 0/89       AC:  3    Str: 21    XL:     11   Next: 86%
Magic:  17/17      EV: 11    Int:  9    God:    Yredelemnul [****..]
Gold:   619        SH:  0    Dex: 14    Spells: 3 memorised, 7 levels left

rFire  + . .     SeeInvis .       - Unarmed
rCold  . . .     Gourm    +     (armour restricted)
rNeg   . . .     Faith    .     (no shield)
rPois  .         Spirit   .     (helmet restricted)
rElec  .         Dismiss  .     (no cloak)
rCorr  .         Reflect  .     (gloves unavailable)
SustAt .         Harm     .     (boots unavailable)
MR     .....                    (no amulet)
Stlth  ++........               F - ring of protection from fire
                                r - +2 ring of dexterity

@: lethally poisoned (0 -> -13), not resistant to hostile enchantments,
unstealthy
A: unfitting armour, claws 3, fast metabolism 3, gourmand, regeneration 2,
shaggy fur 1, tough skin 2
a: Recall Undead Slaves, Injury Mirror, Animate Dead, Drain Life, Renounce
Religion


You were on level 2 of the Lair of Beasts.
You worshipped Yredelemnul.
Yredelemnul was greatly pleased with you.
You were completely stuffed.

You visited 3 branches of the dungeon, and saw 13 of its levels.

You collected 689 gold pieces.
You spent 70 gold pieces at shops.

Inventory:

Missiles
 n - 19 poisoned needles
 q - 11 tomahawks
 C - 6 needles of confusion
 D - 2 throwing nets
 I - a large rock (quivered)
Jewellery
 c - an uncursed ring of see invisible
 i - an uncursed ring of protection from cold
 r - a +2 ring of dexterity (left claw)
 w - an uncursed ring of flight
 B - an uncursed ring of ice
 F - a ring of protection from fire (right claw)
Wands
 e - a wand of digging (3/24)
 p - a wand of acid (0/15)
 G - a wand of polymorph (13/24)
 J - a wand of lightning (1/15)
 K - a wand of flame (0/48)
 L - a wand of enslavement (0/24)
 M - a wand of iceblast (0/15)
 N - a wand of lightning (0/15)
Scrolls
 g - 5 scrolls of amnesia
 z - 4 scrolls of remove curse
Potions
 a - a potion of brilliance
 h - a potion of invisibility {unknown}
 j - 2 potions of mutation
 l - 2 potions of cancellation
 u - a potion of curing
 v - a potion of ambrosia
 x - 2 potions of haste
 A - 2 potions of flight
 O - a potion of resistance {unknown}
Books
 b - a book of Debilitation

   Spells                             Type                      Level
   a - Corona                         Hexes                        1
   b - Slow                           Hexes                        2
   c - Gell's Gravitas                Hexes/Translocation          3
   d - Inner Flame                    Hexes/Fire                   3
   e - Cause Fear                     Hexes                        4
   f - Leda's Liquefaction            Hexes/Earth                  4
 E - a book of Battle

   Spells                             Type                      Level
   a - Infusion                       Charms                       1
   b - Shroud of Golubria             Charms/Translocation         2
   c - Song of Slaying                Charms                       2
   d - Spectral Weapon                Hexes/Charms                 3
   e - Regeneration                   Charms/Necromancy            3
 H - a book of Summonings

   Spells                             Type                      Level
   a - Recall                         Summoning/Translocation      3
   b - Aura of Abjuration             Summoning                    5
   c - Summon Demon                   Summoning                    5
   d - Summon Forest                  Summoning/Translocation      5
   e - Summon Mana Viper              Hexes/Summoning              5
   f - Shadow Creatures               Summoning                    6
Comestibles
 d - 3 slices of pizza
 f - 11 bread rations
 k - 3 meat rations
 m - 2 fruits
 o - 2 beef jerkies
 s - 6 chunks of flesh
 t - a royal jelly


   Skills:
 - Level 0.7 Fighting
 + Level 6.2 Throwing
 - Level 4.0 Dodging
 + Level 12.7 Unarmed Combat
 - Level 1.0 Spellcasting
 - Level 2.3 Hexes
 - Level 1.8 Translocations
 - Level 10.3 Invocations


You had 7 spell levels left.
You knew the following spells:

 Your Spells              Type           Power        Failure   Level  Hunger
a - Corona                Hex            #......      14%         1    ##.....
b - Slow                  Hex            #.......     21%         2    ###....
c - Shroud of Golubria    Chrm/Tloc      #.........   38%         2    ###....


Dungeon Overview and Level Annotations

Branches:
Dungeon (9/15)             Temple (1/1) D:7            Lair (3/8) D:8
    Orc (0/2) D:9
  Swamp: Lair:3-6    Shoals: Lair:3-6     Snake: Lair:3-6    Spider: Lair:3-6

Altars:
Ashenzari
Cheibriados
Dithmenos
Elyvilon
Fedhas
Gozag
Kikubaaqudgha
Makhleb
Nemelex Xobeh
Okawaru
Pakellas
Qazlal
Ru
Sif Muna
Trog
Vehumet
Xom
Yredelemnul
Zin
The Shining One

Shops:
D:5 *

Annotations:
D:3 Guinours's ghost, amateur MfCK
D:4 Edmund
Lair:3 manyhoops's ghost, journeyman DgIE


Innate Abilities, Weirdness & Mutations

You are too large for most types of armour.
You have claws for hands.
Your metabolism is lightning-fast.
You like to eat raw meat.
You heal very quickly.
You are covered in fur (AC +1).
You have very tough skin (AC +2).


Message History

There is a stone staircase leading up here.
You feel sick. The spiny frog stings you!!
* * * LOW HITPOINT WARNING * * *
You are more poisoned.
The spiny frog poisons you!
You climb upwards.
* * * LOW HITPOINT WARNING * * *
You feel very sick.
There is a stone staircase leading down here.
Unknown command.
Unknown command.
Unknown command.
Unknown command.
Unknown command.
Unknown command.
Unknown command.
Unknown command.
You swap places.
You die...
Your body rises from the dead as a mindless zombie.

.....##..YYP...................#.
.....##....P..............Z......
..##..#....P............P.P#....#
..##.##....#.....P....#...##.P.##
......P......P...............#..#
..##....<........#...Z#.#.#....#.
..#...Y........#..Z.....#........
..........?.....Z.....#...##.#.#.
..#..........#.P@#Z........#....#
................ZZZ...P......#.#.
..P#....#(...#..F.....#......#..#
..##.........#.#.............#.##
..##....##...P.................##
..##....#......P.............#.##
..P......#.....P......#........##
.................................
#####.###.#.#..####.##...###.P#.P


You could see a spiny frog, a friendly rat zombie, a friendly river rat zombie,
a friendly hell rat zombie, a friendly seven-headed hydra zombie, a friendly yak
zombie and a friendly black mamba skeleton.

Vanquished Creatures
  2 hydras
  3 black mambas
  A komodo dragon (Lair:2)
  4 blink frogs (Lair:1)
  Sigmund (D:2)
  A spriggan (D:7)
  Eustachio (D:5)
  18 yaks
  A wyvern (D:9)
  3 basilisks
  4 hippogriffs
  A hungry ghost (D:7)
  A mottled dragon (D:9)
  3 wargs (D:8)
  4 water moccasins
  4 porcupines
  Purgy (D:4)
  A black bear (Lair:2)
  4 orc warriors
  2 ice beasts
  4 ogres
  6 centaurs
  3 wolves (Lair:1)
  A crocodile (D:9)
  2 giant frogs
  2 gnoll sergeants
  2 scorpions
  A howler monkey (D:9)
  5 crimson imps
  A giant frog zombie (D:9)
  7 orc priests
  A centaur skeleton (D:8)
  4 giant frog skeletons
  12 orc wizards
  8 iguanas
  A hell rat (Lair:2)
  6 worker ants
  2 hound skeletons
  11 gnolls
  4 river rats
  6 adders
  2 shadow imps (D:6)
  An ooze (D:3)
  An adder zombie (D:5)
  5 worms
  A dart slug (D:3)
  A giant gecko (D:2)
  39 orcs
  3 ball pythons
  9 bats
  7 giant cockroaches
  11 goblins
  11 hobgoblins
  10 kobolds
  5 quokkas
  2 giant newts (D:1)
  A jackal zombie (D:8)
  17 rats
  A river rat zombie (Lair:3)
276 creatures vanquished.

Vanquished Creatures (collateral kills)
  The ghost of eragonby the Brawler, a novice TrMo of Cheibriados (Lair:2)
  A komodo dragon (Lair:3)
  A spiny frog (Lair:1)
  A polar bear (Lair:2)
  A troll (D:9)
  A blink frog (Lair:1)
  3 porcupines
  2 basilisks (Lair:1)
  7 yaks
  A water moccasin (Lair:2)
  A crocodile (Lair:2)
  A giant frog (Lair:1)
  A quasit (D:9)
  An orc priest (D:9)
  An orc wizard (D:9)
  An iguana (Lair:1)
  7 hell rats (Lair:2)
  9 river rats
  2 gnolls (D:9)
  3 orcs (D:9)
  11 rats
  2 fungi (Lair:2)
59 creatures vanquished.

Vanquished Creatures (others)
  3 blink frog zombies (Lair:1)
  2 giant frogs (Lair:2)
  3 water moccasin zombies
  3 hippogriff zombies
  2 yak zombies (Lair:2)
  2 wolf zombies (Lair:1)
  A giant frog zombie (Lair:2)
  A centaur zombie (D:9)
  A giant frog skeleton (Lair:2)
  A black bear zombie (Lair:2)
  A porcupine zombie (Lair:2)
  2 hell rat zombies (Lair:2)
  2 orc zombies (D:9)
  A scorpion zombie (D:9)
  5 river rat zombies
  4 rat zombies (Lair:2)
  5 fungi
  4 plants
43 creatures vanquished.

Grand Total: 378 creatures vanquished

Notes
Turn   | Place    | Note
--------------------------------------------------------------
     0 | D:1      | Marenglen the Troll Arcane Marksman began the quest for the Orb.
     0 | D:1      | Reached XP level 1. HP: 18/18 MP: 1/1
   104 | D:1      | Reached skill level 1 in Unarmed Combat
   208 | D:1      | Reached XP level 2. HP: 26/26 MP: 2/2
   512 | D:1      | Learned a level 2 spell: Slow
   554 | D:2      | Reached skill level 2 in Unarmed Combat
   554 | D:2      | Reached XP level 3. HP: 30/32 MP: 3/3
   594 | D:2      | Noticed Sigmund
   823 | D:2      | Killed Sigmund
   823 | D:2      | Reached skill level 5 in Unarmed Combat
   823 | D:2      | Reached XP level 4. HP: 15/40 MP: 1/4
   823 | D:2      | Reached XP level 5. HP: 18/46 MP: 1/5
   838 | D:2      | Found a white marble altar of Elyvilon.
  1054 | D:2      | Found an oddly glowing altar of Pakellas.
  1595 | D:2      | Found a deep blue altar of Sif Muna.
  1952 | D:3      | Reached XP level 6. HP: 54/54 MP: 6/6
  1993 | D:3      | Noticed Guinours's ghost (amateur MfCK)
  2164 | D:3      | Found a glowing golden altar of the Shining One.
  2795 | D:4      | Found a sparkling altar of Nemelex Xobeh.
  2934 | D:4      | Reached skill level 6 in Unarmed Combat
  3165 | D:4      | Found a snail-covered altar of Cheibriados.
  3265 | D:4      | Noticed Purgy
  3274 | D:4      | Killed Purgy
  3352 | D:4      | Found a stormy altar of Qazlal.
  3353 | D:4      | Noticed Edmund
  3569 | D:5      | Entered Level 5 of the Dungeon
  3636 | D:5      | Reached XP level 7. HP: 61/61 MP: 7/7
  3667 | D:5      | Reached skill level 7 in Unarmed Combat
  3704 | D:5      | Found Uvup's General Store.
  3720 | D:5      | Bought a potion of might for 40 gold pieces
  3720 | D:5      | Bought a scroll of teleportation for 30 gold pieces
  3767 | D:5      | Found a shattered altar of Ashenzari.
  4497 | D:6      | Noticed Eustachio
  4513 | D:5      | Killed Eustachio
  4513 | D:5      | Reached skill level 8 in Unarmed Combat
  4513 | D:5      | Reached XP level 8. HP: 64/68 MP: 8/8
  4538 | D:6      | Learned a level 2 spell: Shroud of Golubria
  4665 | D:6      | Found a shattered altar of Ashenzari.
  4727 | D:6      | Reached skill level 1 in Translocations
  5034 | D:6      | Found a glowing silver altar of Zin.
  5077 | D:7      | Found a staircase to the Ecumenical Temple.
  5287 | Temple   | Entered the Ecumenical Temple
  5340 | Temple   | Became a worshipper of Yredelemnul the Dark
  5390 | D:7      | Reached skill level 1 in Invocations
  5601 | D:7      | Found an iron altar of Okawaru.
  5817 | D:7      | Found a shadowy altar of Dithmenos.
  5825 | D:7      | Reached skill level 9 in Unarmed Combat
  5905 | D:6      | Reached XP level 9. HP: 60/75 MP: 10/10
  6685 | D:8      | Reached * piety under Yredelemnul
  6840 | D:8      | Reached skill level 5 in Invocations
  6893 | D:8      | Found a staircase to the Lair.
  7410 | D:9      | Found a white marble altar of Elyvilon.
  7505 | D:9      | Found a staircase to the Orcish Mines.
  7536 | D:9      | Reached skill level 10 in Unarmed Combat
  7826 | D:9      | Reached XP level 10. HP: 29/83 MP: 12/14
  8107 | D:9      | Reached ** piety under Yredelemnul
  8275 | D:9      | Found a shimmering altar of Xom.
  8869 | D:9      | Found a burning altar of Makhleb.
  8870 | D:9      | Found a radiant altar of Vehumet.
  8925 | Lair:1   | Entered Level 1 of the Lair of Beasts
  9004 | Lair:1   | HP: 4/83 [wolf (10)]
  9204 | Lair:1   | Noticed a black mamba
  9221 | Lair:1   | Killed a black mamba
  9221 | Lair:1   | Reached skill level 11 in Unarmed Combat
  9489 | Lair:1   | Found a bloodstained altar of Trog.
  9561 | Lair:1   | Noticed a five-headed hydra
  9569 | Lair:1   | Killed a five-headed hydra
  9569 | Lair:1   | Reached skill level 10 in Invocations
  9569 | Lair:1   | Reached XP level 11. HP: 89/89 MP: 17/17
  9636 | Lair:1   | You fall through a shaft!
  9636 | Lair:2   | Noticed eragonby's ghost (novice TrMo)
 10613 | Lair:2   | Noticed a seven-headed hydra
 10729 | Lair:3   | Noticed manyhoops's ghost (journeyman DgIE)
 10771 | Lair:3   | Noticed a six-headed hydra
 11321 | Lair:2   | Reached skill level 12 in Unarmed Combat
 11464 | Lair:2   | Killed a seven-headed hydra
 11464 | Lair:2   | Reached skill level 5 in Throwing
 11536 | Lair:2   | Reached *** piety under Yredelemnul
 11856 | Lair:2   | Killed eragonby's ghost
 12405 | Lair:2   | Reached **** piety under Yredelemnul
 12506 | Lair:2   | HP: 2/89 [poisoned by a spiny frog]
 12507 | Lair:2   | Succumbed to a spiny frog's poison

Skill      XL: |  1  2  3  4  5  6  7  8  9 10 11 |
---------------+----------------------------------+-----
Unarmed Combat | 1 2 5 6 8 9 10 11 12 | 12.7
Throwing       | 2 3 6 |  6.2
Dodging        | 3 4 |  4.0
Translocations | 1 |  1.8
Invocations    | 3 7 10 | 10.3
Fighting       | |  0.7
Spellcasting   | |  1.0
Hexes          | |  2.3

Action                   |  1- 3 |  4- 6 |  7- 9 | 10-12 || total
-------------------------+-------+-------+-------+-------++-------
Melee: Unarmed           |    63 |   169 |   382 |   283 ||   897
       Punch             |       |     6 |    18 |     9 ||    33
Throw: Large rock        |     6 |     4 |    20 |     9 ||    39
       Throwing net      |     2 |       |     6 |       ||     8
       Tomahawk          |       |       |     1 |     4 ||     5
 Cast: Corona            |     2 |     3 |    15 |     2 ||    22
Invok: Animate Remains   |       |       |     2 |    26 ||    28
       Recall Undead Sla |       |       |       |     6 ||     6
       Injury Mirror     |       |       |       |     2 ||     2
       Animate Dead      |       |       |       |     8 ||     8
Evoke: Wand              |       |       |     1 |    30 ||    31
  Use: Scroll            |       |     9 |     8 |     8 ||    25
       Potion            |       |     1 |     3 |     7 ||    11
 Stab: Sleeping          |       |     1 |       |       ||     1
       Held in net/web   |       |       |     2 |       ||     2
       Distracted        |       |       |       |     4 ||     4
  Eat: Chunk             |    13 |    25 |    45 |    42 ||   125
       Meat ration       |       |       |     1 |       ||     1
       Bread ration      |       |       |       |     1 ||     1
Armor: Skin              |    24 |    50 |    47 |    26 ||   147
Dodge: Dodged            |    28 |    91 |   130 |   163 ||   412
